 Dungeon Crawl Stone Soup version 0.26-a0-966-gd078a86f14 (webtiles) character file.

Game seed: 10375045359265998242

767 IdlyInterested the Conjurer (level 7, 0/41 HPs)
             Began as a Tengu Conjurer on Dec 1, 2020.
             Slain by stormannnn's ghost (8 damage)
             ... on level 4 of the Dungeon on Dec 3, 2020.
             The game lasted 00:20:50 (5295 turns).

IdlyInterested the Conjurer (Tengu Conjurer)        Turns: 5295, Time: 00:20:50

Health: 0/41       AC:  5    Str:  7    XL:     7   Next: 82%
Magic:  8/13       EV: 14    Int: 18    God:
Gold:   235        SH:  0    Dex: 15    Spells: 9/12 levels left

rFire    . . .     SeeInvis .   d - +1 short sword (elec)
rCold    . . .     Faith    .   (no shield)
rNeg     . . .     Spirit   .   o - +0 ring mail {rPois}
rPois    +         Reflect  .   (helmet restricted)
rElec    .         Harm     .   (no cloak)
rCorr    +         Rampage  .   (no gloves)
MR       .....                  (boots unavailable)
Stlth    ++........             (no amulet)
HPRegen  0.13/turn              i - ring of resist corrosion
MPRegen  0.13/turn              (no ring)

@: flying quickly and evasively, quick
A: beak, talons 3, able to fly
a: Stop Flying


You were on level 4 of the Dungeon.
You visited 1 branch of the dungeon, and saw 4 of its levels.

You collected 235 gold pieces.

Inventory:

Hand Weapons
 d - a +1 short sword of electrocution (weapon)
 e - a +1 short sword of speed
 g - a +2 vampiric dagger
 j - a +0 club
 n - a +2 dagger of venom
Missiles
 b - 196 stones
 m - 17 poisoned darts
Armour
 a - a +0 robe
 f - a +0 leather armour
 o - a +0 ring mail of poison resistance (worn)
Jewellery
 i - a ring of resist corrosion (left hand)
Wands
 q - a wand of polymorph (3)
Scrolls
 l - 3 scrolls of remove curse
 p - 2 scrolls of identify
 s - a scroll of random uselessness {unknown}
Potions
 c - 2 potions of curing
 h - a potion of cancellation
 k - 2 potions of lignification
 r - a potion of ambrosia
 t - a potion of resistance {unknown}


   Skills:
 * Level 3.0 Fighting
 + Level 2.1 Short Blades
 + Level 0.7 Throwing
 + Level 3.1 Armour
 * Level 4.3 Dodging
 + Level 3.0 Stealth
 + Level 3.3 Spellcasting
 + Level 7.1 Conjurations
 * Level 1.5 Evocations


You had 9 spell levels left.
You knew the following spells:

 Your Spells              Type           Power        Failure   Level
a - Magic Dart            Conj           ####         2%          1
b - Searing Ray           Conj           ####..       4%          2

Your spell library contained the following spells:

 Spells                   Type           Power        Failure   Level
 Dazzling Flash           Conj/Hex       ###...       34%         3
 Fulminant Prism          Conj/Hex       ###.......   75%         4
 Iskenderun's Mystic Bla  Conj/Tloc      ###.....     75%         4


Dungeon Overview and Level Annotations

Branches:
Dungeon (4/15)             Temple (0/1) D:4

Altars:
Dithmenos
Qazlal
Trog
Yredelemnul

Shops:
D:4 ?:[}*

Annotations:
D:4 stormannnn's ghost, novice MiFi


Innate Abilities, Weirdness & Mutations

You have a beak for a mouth.
You have claws for feet.
You can fly continuously.


Message History

The searing ray hits stormannnn's ghost!
Stormannnn's ghost is lightly damaged. (Press . to maintain the ray.) Stormannnn's ghost hits you!
The searing ray hits stormannnn's ghost.
Stormannnn's ghost is lightly damaged.
Stormannnn's ghost closely misses you.
The searing ray hits stormannnn's ghost!
Stormannnn's ghost is moderately damaged.
Stormannnn's ghost hits you!
The searing ray hits stormannnn's ghost.
Stormannnn's ghost is moderately damaged.
You finish channeling your searing ray.
Stormannnn's ghost hits you!!
* * * LOW HITPOINT WARNING * * *
You hit stormannnn's ghost but do no damage.
You claw stormannnn's ghost, but do no damage.
You peck stormannnn's ghost.
Stormannnn's ghost is moderately damaged.
Stormannnn's ghost hits you!
You die...

#.....# #.#.#### # #######
######## #.#.# # .....^#
###≈#.### #.#.# # .....##
#.#≈.[.≈## #.#.# #
###∩#.#####.....#.###.#.#########
##.###...##..#≈⌠.≈#..............
###.#.####≈§.≈...#####..#########
.........####''#######..# #
.#######.##....W@.......# ######
## #∩.........#######.## #..... #
#.#####..### #.# #.#### #####.#
#.## #.# #.# # ......# #.# #.#
###.#### #####.# #.# #.# #.....##
# #.#####.# #.###.###.## #
#.......# #.....# #... #
####.#### #####.###.##


You could see stormannnn's ghost.

Vanquished Creatures
  Grinder (D:3)
  An orc warrior (D:4)
  An ogre (D:4)
  2 hounds (D:4)
  3 orc wizards (D:4)
  A worker ant (D:4)
  Natasha (thrice) (D:3)
  Robin (D:2)
  5 adders
  A shadow imp (D:2)
  2 oozes
  2 adder skeletons (D:4)
  A worm (D:2)
  6 dart slugs
  3 leopard geckos
  6 orcs (D:4)
  7 bats
  3 giant cockroaches
  12 hobgoblins
  8 kobolds
  2 quokkas
  8 frilled lizards
  14 goblins
  9 rats
102 creatures vanquished.

Notes
Turn   | Place    | Note
-------+----------+-------------------------------------------
     0 | D:1      | IdlyInterested the Tengu Conjurer began the quest for the
                  | Orb.
     0 | D:1      | Reached XP level 1. HP: 10/10 MP: 4/4
   130 | D:1      | Reached XP level 2. HP: 11/15 MP: 1/6
   192 | D:1      | Learned a level 2 spell: Searing Ray
   602 | D:1      | Reached XP level 3. HP: 20/20 MP: 0/7
   676 | D:1      | Reached skill level 6 in Conjurations
  1596 | D:2      | Reached XP level 4. HP: 24/24 MP: 6/8
  1603 | D:2      | Noticed Robin
  1626 | D:2      | Killed Robin
  1627 | D:2      | Reached skill level 1 in Fighting
  2421 | D:2      | Gained mutation: You can fly continuously. [Tengu growth]
  2421 | D:2      | Reached XP level 5. HP: 29/29 MP: 6/9
  2615 | D:3      | Found a basalt altar of Yredelemnul.
  2640 | D:3      | Reached skill level 1 in Armour
  2817 | D:3      | Noticed Natasha
  2824 | D:3      | Killed Natasha
  3038 | D:3      | Noticed Grinder
  3056 | D:3      | Killed Grinder
  3057 | D:3      | Reached skill level 1 in Short Blades
  3057 | D:3      | Reached XP level 6. HP: 5/36 MP: 1/11
  3580 | D:3      | Found a shadowy altar of Dithmenos.
  3581 | D:3      | Found a bloodstained altar of Trog.
  3884 | D:3      | Noticed Natasha
  3888 | D:3      | Killed Natasha
  4002 | D:3      | Noticed Natasha
  4008 | D:3      | Killed Natasha
  4050 | D:4      | Upgraded the game from 0.26-a0-958-gf3041fb45f to
                  | 0.26-a0-966-gd078a86f14
  4141 | D:4      | Found a stormy altar of Qazlal.
  4177 | D:4      | Reached XP level 7. HP: 36/40 MP: 12/12
  4229 | D:4      | Found a large runed translucent door.
  4694 | D:4      | Found Vuuwugieg's Book Boutique.
  4703 | D:4      | Reached skill level 1 in Evocations
  4710 | D:4      | Found Ceibarie's Gadget Emporium.
  4743 | D:4      | Found Dein's Antique Armour Shoppe.
  4757 | D:4      | Found a staircase to the Ecumenical Temple.
  4829 | D:4      | Found Upsab's Magic Scroll Shop.
  4851 | D:4      | Reached skill level 7 in Conjurations
  4929 | D:4      | Found Ziyxy's Assorted Antiques.
  4935 | D:4      | Found a large runed translucent door.
  4937 | D:4      | Noticed stormannnn's ghost (novice MiFi)
  5295 | D:4      | Slain by stormannnn's ghost

Illustrated notes

Levels and vault maps discovered:
D:1:      dpeg_arrival_leaves_temple_mockup, layout_rooms
D:2:      layout_loops_cross, st_stairs_10, uniq_robin
D:3:      layout_rooms, nicolae_overflow_crystal_walls,
          gammafunk_temple_overflow_statue, uniq_natasha, uniq_grinder
D:4:      layout_loops_ring, marbit_many_paths,
          minmay_temple_entry_statues_fountains, serial_shops,
          nicolae_shop_trees, shop, shop, shop, nicolae_shop_trees,
          ebering_ghost_disaster_area

Skill      XL: |  1  2  3  4  5  6  7 |
---------------+----------------------+-----
Conjurations   | 6 7 |  7.1
Fighting       | 1 2 3 |  3.0
Dodging        | 3 4 |  4.3
Armour         | 2 3 |  3.1
Short Blades   | 1 2 |  2.1
Spellcasting   | 3 |  3.3
Evocations     | 1 |  1.5
Stealth        | 3 |  3.0
Throwing       | |  0.7

Action                   |  1- 3 |  4- 6 |  7- 9 || total
-------------------------+-------+-------+-------++-------
Melee: Short sword       |    31 |    47 |    38 ||   116
       Kick              |     7 |     6 |     6 ||    19
       Peck              |       |     2 |     3 ||     5
Throw: Stone             |    26 |     8 |       ||    34
       Dart              |       |       |     2 ||     2
 Cast: Magic Dart        |    67 |    55 |    26 ||   148
       Searing Ray       |       |     2 |     3 ||     5
 Abil: Fly               |       |     1 |       ||     1
  Use: Scroll            |     6 |     3 |       ||     9
       Potion            |     1 |     1 |       ||     2
 Stab: Sleeping          |     2 |     1 |     1 ||     4
Armor: Leather armour    |    11 |    10 |     2 ||    23
Dodge: Dodged            |    30 |    26 |    26 ||    82

Table legend: (Time is in decaauts)
 A = Elapsed time spent in this place.
 B = Non-inter-level travel time spent in this place.
 C = Inter-level travel time spent in this place.
 D = Time resting spent in this place.
 E = Time spent auto-exploring this place.
 F = Levels seen in this place.
 G = Mean time per level.
                   A        B        C        D        E       F      G
               +--------+--------+--------+--------+--------+-----+--------+
         Total |   5161 |   4778 |    383 |   2451 |   1584 |   4 | 1290.2 |
       Dungeon |   5161 |   4778 |    383 |   2451 |   1584 |   4 | 1290.2 |
               +--------+--------+--------+--------+--------+-----+--------+

Top non-repeatable levels by time:
     D:1: 1468 daAuts
     D:3: 1361 daAuts
     D:4: 1192 daAuts
     D:2: 1139 daAuts
